 Dungeon Crawl Stone Soup version 0.28-a0-1594-ga885d4b3d6 (webtiles) character file.

Game seed: 14981196456073527540

2 lonewolfV2 the Scratcher (level 1, -1/9 HPs)
             Began as a Felid Transmuter on Jan 20, 2022.
             Slain by a jackal (2 damage)
             ... on level 1 of the Dungeon.
             The game lasted 00:00:12 (208 turns).

lonewolfV2 the Scratcher (Felid Transmuter)          Turns: 208, Time: 00:00:12

Health: -1/9       AC:  1    Str:  6    XL:     1   Next: 25%
Magic:  3/4        EV: 17    Int: 14    God:
Gold:   9          SH:  0    Dex: 16    Spells: 3/4 levels left
                                        Lives:  0   Deaths: 0

rFire   . . .      SeeInvis +     - Unarmed
rCold   . . .      Faith    .   (shield unavailable)
rNeg    . . .      Spirit   .   (armour unavailable)
rPois   .          Reflect  .   (helmet unavailable)
rElec   .          Harm     .   (cloak unavailable)
rCorr   .          Rampage  .   (gloves unavailable)
Will    .....                   (boots unavailable)
Stlth   ++........              (no amulet)
HPRegen 0.03/turn               (no ring)
MPRegen 0.09/turn               (no ring)

@: appendages, quick
A: horns 2, very small, claws 1, fangs 3, see invisible, speed 1, shaggy fur 1,
stealthy paws, no weapons or thrown items, no armour, multi-lived
a: End Transformation


You were on level 1 of the Dungeon.
You had temporarily grown beastly horns.
You visited 1 branch of the dungeon, and saw 1 of its levels.

You collected 9 gold pieces.

Inventory:

Scrolls
 c - a scroll of holy word {unknown}
Potions
 a - a potion of magic {unknown}
 b - a potion of lignification {unknown}


   Skills:
 + Level 1.0 Fighting
 + Level 2.6 Dodging
 + Level 0.4 Stealth
 + Level 3.0 Unarmed Combat
 + Level 2.1 Spellcasting
 + Level 2.1 Transmutations


You had 3 spell levels left.
You knew the following spells:

 Your Spells              Type           Power      Damage    Failure   Level
a - Beastly Appendage     Tmut           14%        N/A       10%         1

Your spell library contained the following spells:

 Spells                   Type           Power      Damage    Failure   Level
 Wereblood                Tmut           7%         N/A       14%         2
 Spider Form              Tmut/Pois      4%         N/A       41%         3
 Ice Form                 Ice/Tmut       4%         N/A       83%         4


Dungeon Overview and Level Annotations

Branches:
Dungeon (1/15)

Altars:


Innate Abilities, Weirdness & Mutations

You have temporarily grown beastly horns.
You have sharp claws.
You have razor-sharp teeth.
You have supernaturally acute eyesight. (SInv)
You cover ground quickly. (Speed+)
You are covered in fur. (AC +1)
Your paws help you pounce on unaware monsters.
You are incapable of wielding weapons or throwing items.
You cannot wear armour.
You gain extra lives every three experience levels.


Message History

A bat comes into view.
You pounce on the unaware helpless endoplasm!
You claw the endoplasm!
You kill the endoplasm!
Found 23 stones. 2 jackals come into view.
Found 15 stones.
You scratch the bat. Your headbutt misses the bat.
The bat is moderately wounded.
Your transformation is almost over.
The bat misses you. The bat closely misses you.
You scratch the bat.
You kill the bat!
The jackal barks!
Found 14 gold pieces.
A giant cockroach comes into view.
The jackal bites you.
An endoplasm comes into view.
A goblin comes into view. It is wielding a +0 club.
The jackal bites you.
The jackal barks!
The goblin shouts!
You scratch the jackal.
The jackal is almost dead.
You hear an angry hiss.
The jackal bites you.
A goblin comes into view. It is wielding a +0 club.
An endoplasm comes into view.
A frilled lizard comes into view.
The jackal misses you. The jackal misses you.
The endoplasm jiggles.
You see here 9 gold pieces.
Your horns disappear.
The jackal completely misses you.
The jackal bites you but does no damage.
The jackal bites you.
* * * LOW HITPOINT WARNING * * *
Casting: Beastly Appendage (safe; 10% risk of failure)
Confirm with . or Enter, or press ? or * to list all spells.
You grow a pair of large bovine horns.
The jackal bites you.
You die...

#........# |# #........#
..##........### ##
............. .. ..#........#
## #.#........# #.#........#
#.#........#####
#.@##...........
.############h##.##........
.......g....Bh##.#...#########
....(......$..##.#...# #.##.
..........J....#.#...# #.##.
........J....#.#.#...# #.##.
.$....l.g....#.#.#...# #.##.
...(......(..#.#.#...# #....
#..##..##....#.#.#...# #....


You could see an endoplasm, 2 jackals, a giant cockroach and a goblin.

Vanquished Creatures
  An endoplasm (D:1)
  A bat (D:1)
2 creatures vanquished.

Notes
Turn   | Place    | Note
-------+----------+-------------------------------------------
     0 | D:1      | lonewolfV2 the Felid Transmuter began the quest for the
                  | Orb.
     0 | D:1      | Reached XP level 1. HP: 9/9 MP: 4/4
   208 | D:1      | Slain by a jackal

Illustrated notes

Levels and vault maps discovered:
D:1:      dpeg_arrival_tiny_k, layout_basic, st_stairs_5,
          corexii_item_surrounded_by_moat

Action                   || total
-------------------------++-------
Melee: Unarmed           ||     4
 Cast: Beastly Appendage ||     2
 Stab: Sleeping          ||     1
Armor: Skin              ||     1
Dodge: Dodged            ||     5

Table legend: (Time is in decaauts)
 A = Elapsed time spent in this place.
 B = Non-inter-level travel time spent in this place.
 C = Inter-level travel time spent in this place.
 D = Time resting spent in this place.
 E = Time spent auto-exploring this place.
 F = Levels seen in this place.
 G = Mean time per level.
                   A        B        C        D        E       F      G
               +--------+--------+--------+--------+--------+-----+--------+
         Total |    168 |    168 |      0 |      0 |    143 |   1 |  168.0 |
       Dungeon |    168 |    168 |      0 |      0 |    143 |   1 |  168.0 |
               +--------+--------+--------+--------+--------+-----+--------+

Top non-repeatable levels by time:
     D:1: 168 daAuts
